AoeStats
← 我不知道

Fortress

510310600Analyzed
1v1 RM · 22h ago on Sep 30, 2026· 40m 47s· 2 players
Game mode
Random Map
Map size
Small (3 player)
Population
200
Speed
Normal
Resources
Standard
Victory
Conquest
Starting age
Dark Age
Ending age
Imperial Age
RankedLock teamsTeams togetherTeam positionsShared explorationLock speedFull tech treeHidden civsTurbo modeCheats
Victory
Defeat
🇷🇺 Magyars · Russia
1032
+15
🇭🇺 Burgundians · Hungary
1009
-15
Andras Olah
5:11 Double-Bit Axe
6:04 Horse Collar
9:37 Feudal Age
10:58 Bow Saw
11:53 Wheelbarrow
13:21 Castle Age
12:48 Scale Barding Armor
12:59 Heavy Plow
15:13 Chain Barding Armor
15:03 Forging
15:01 Husbandry
16:27 Gold Mining
17:29 Loom
17:39 Stone Mining
21:37 Gold Shaft Mining
22:21 Wheelbarrow
26:21 Imperial Age
24:54 Hand Cart
25:28 Iron Casting
24:44 Fletching
24:45 Cavalier
25:41 Padded Archer Armor
26:43 Ballistics
28:33 Chemistry
27:44 Town Watch
28:24 Conscription
27:53 Pikeman
28:35 Squires
28:37 Scale Mail Armor
28:33 Bodkin Arrow
28:57 Paladin
30:22 Halberdier
32:36 Chain Mail Armor
33:21 Blast Furnace
32:42 Burgundian Vineyards
36:36 Plate Mail Armor
37:08 Blast Furnace
40:16 Leather Archer Armor
40:02 Bracer
39:54 Light Cavalry
41:20 Plate Barding Armor
我不知道
7:56 Feudal Age
8:57 Double-Bit Axe
11:50 Castle Age
10:31 Horse Collar
17:00 Wheelbarrow
20:28 Corvinian Army
21:41 Gold Mining
26:07 Imperial Age
23:57 Scale Barding Armor
24:17 Hand Cart
23:48 Town Watch
24:12 Heavy Plow
25:24 Chain Barding Armor
26:30 Stone Mining
27:25 Gold Shaft Mining
26:24 Elite Magyar Huszar
27:25 Conscription
28:22 Plate Barding Armor
29:55 Husbandry
30:06 Bloodlines
29:51 Fletching
31:11 Town Patrol
31:31 Bow Saw
33:20 Loom
34:23 Bodkin Arrow
34:28 Padded Archer Armor
35:34 Parthian Tactics
35:34 Heavy Cavalry Archer
36:20 Thumb Ring
36:55 Bracer
37:11 Leather Archer Armor
37:21 Ballistics
38:02 Chemistry
37:35 Recurve Bow
38:01 Murder Holes
39:06 Ring Archer Armor
Connection lost

Rejoining the realm…

Still unreachable

The connection could not be restored.

Session expired

The server has moved on; the page needs a fresh start.